 Dungeon Crawl Stone Soup version 0.30-b1-2-g02819fbbbe (webtiles) character file.

Game seed: 16764903873562041126

52311 raph the Grappler (level 14, -2/137 HPs)
             Began as a Troll Warper on June 8, 2023.
             Was the Champion of Cheibriados.
             Slain by a death yak (23 damage)
             ... on level 5 of the Lair of Beasts.
             The game lasted 00:35:42 (18694 turns).

raph the Grappler (Troll Warper)                   Turns: 18694, Time: 00:35:43

Health: -2/137     AC: 11    Str: 37    XL:     14   Next: 26%
Magic:  14/21      EV: 16    Int: 24    God:    Cheibriados [******]
Gold:   805        SH:  0    Dex: 28    Spells: 7/23 levels left

rFire   . .          .
                       - Unarmed
rCold   . . .        (no shield)
rNeg    . . .        o - +1 steam dragon scales
rPois   .            (helmet restricted)
rElec   .            h - +2 cloak
rCorr   .            (gloves unavailable)
SInv    .            (boots unavailable)
Will    +....        (no amulet)
Stlth   ++           (no ring)
HPRegen 1.22/turn    (no ring)
MPRegen 0.17/turn

%: no passive effects
@: lethally poisoned (-2 -> -2), studying Axes, very slow
A: large, unfitting armour, claws 3, regeneration 1, shaggy fur 1, tough skin 1
a: Renounce Religion, Bend Time, Temporal Distortion, Slouch, Step From Time


You were on level 5 of the Lair of Beasts.
You worshipped Cheibriados.
Cheibriados was exalted by your worship.
You visited 4 branches of the dungeon, and saw 18 of its levels.
You also visited: Volcano.

You collected 931 gold pieces.
You spent 126 gold pieces at shops.

Inventory:

Hand Weapons
 u - a +0 giant club
 C - a +1 giant spiked club
Missiles
 m - 4 boomerangs
 q - 3 silver javelins
 s - 2 throwing nets
 t - 49 poisoned darts
 v - a javelin (quivered)
Armour
 h - a +2 cloak (worn)
 o - +1 steam dragon scales (worn)
 B - a +2 robe
 M - a +1 robe of fire resistance
Jewellery
 g - a ring of ice
 z - a ring of ice
 H - an amulet of faith
 I - a ring of ice
Wands
 c - a wand of flame (40)
 l - a wand of polymorph (5)
 r - a wand of roots (12)
 y - a wand of acid (8)
 A - a wand of mindburst (24)
 E - a wand of paralysis (19)
Scrolls
 a - 4 scrolls of identify
 b - 2 scrolls of blinking
 i - 11 scrolls of teleportation
 k - 5 scrolls of fog
 x - 4 scrolls of magic mapping
 F - 2 scrolls of poison
 K - a scroll of fear
 N - a scroll of torment {unknown}
Potions
 d - 2 potions of heal wounds
 e - 6 potions of flight
 f - 2 potions of lignification
 j - 6 potions of curing
 n - 7 potions of mutation
 p - a potion of haste
 w - a potion of invisibility
 D - a potion of resistance
 G - a potion of cancellation
 J - a potion of ambrosia
 L - 2 potions of might


   Skills:
 + Level 8.3 Fighting
 + Level 6.2 Throwing
 + Level 7.2 Dodging
 * Level 13.9 Unarmed Combat
 + Level 5.4 Spellcasting
 * Level 7.8 Translocations
 - Level 4.0 Transmutations
 + Level 1.3 Air Magic
 + Level 6.4 Invocations
 + Level 1.4 Evocations


You had 7 spell levels left.
You knew the following spells:

 Your Spells              Type           Power      Damage    Failure   Level
a - Blink                 Tloc           88%        N/A       1%          2
b - Lesser Beckoning      Tloc           88%        N/A       1%          2
c - Teleport Other        Tloc           44%        N/A       1%          3
d - Vhi's Electric Charg  Tloc/Air       56%        N/A       3%          3
e - Manifold Assault      Tloc           44%        N/A       3%          4
f - Wereblood             Tmut           26%        N/A       2%          2

Your spell library contained the following spells:

 Spells                   Type           Power      Damage    Failure   Level
 Beastly Appendage        Tmut           52%        N/A       1%          1
 Passage of Golubria      Tloc           44%        N/A       3%          4
 Magic Dart               Conj           24%        1d4       9%          1
 Poisonous Vapours        Pois/Air       18%        N/A       10%         2
 Static Discharge         Conj/Air       18%        2-3/arc   10%         2
 Spider Form              Tmut/Pois      16%        N/A       11%         3
 Ensorcelled Hibernation  Hex/Ice        12%        N/A       13%         2
 Searing Ray              Conj           12%        2d4       13%         2
 Sublimation of Blood     Necr           6%         N/A       13%         2
 Mephitic Cloud           Conj/Pois/Air  8%         N/A       22%         3
 Tukima's Dance           Hex            6%         N/A       26%         3
 Petrify                  Tmut/Erth      16%        N/A       36%         4
 Airstrike                Air            6%         2d(1-17)  43%         4
 Summon Lightning Spire   Summ/Air       9%         N/A       54%         4
 Anguish                  Hex/Necr       3%         N/A       63%         4
 Animate Dead             Necr           6%         N/A       63%         4
 Fulminant Prism          Conj/Hex       3%         3d5       63%         4
 Alistair's Intoxication  Tmut/Pois      10%        N/A       71%         5
 Irradiate                Conj/Tmut      8%         3d14      71%         5
 Yara's Violent Unravell  Hex/Tmut       8%         3d5       71%         5
 Arcjolt                  Conj/Air       4%         1d14      87%         5
 Freezing Cloud           Conj/Ice/Air   4%         6-21      89%         5
 Borgnjor's Vile Clutch   Necr/Erth      3%         N/A       93%         5
 Eringya's Noxious Bog    Tmut/Pois      8%         N/A       99%         6
 Death Channel            Necr           3%         N/A       100%        6
 Plasma Beam              Fire/Air       4%         2x1d16    100%        6


Dungeon Overview and Level Annotations

Branches:
Dungeon (11/15)            Temple (1/1) D:5            Lair (5/5) D:11
 Shoals (0/4) Lair:2        Snake (0/4) Lair:3        Slime (0/5) Lair:5
    Orc (1/2) D:10        Volcano (visited)

Altars:
Ashenzari
Cheibriados
Dithmenos
Elyvilon
Fedhas
Gozag
Hepliaklqana
Kikubaaqudgha
Makhleb
Nemelex Xobeh
Okawaru
Qazlal
Ru
Sif Muna
Trog
Uskayaw
Vehumet
Wu Jian
Xom
Yredelemnul
Zin
The Shining One

Shops:
D:6 :?   D:10 *

Annotations:
Lair:1 3 runed translucent doors, Xixaub Eqygg's ghost, journeyman DrTm


Innate Abilities, Weirdness & Mutations

You are too large for most types of armour.
You have claws for hands.
Your natural rate of healing is unusually fast.
You are covered in fur. (AC +1)
You have tough skin. (AC +1)


Message History

The death yak misses you.
Casting: Vhi's Electric Charge (mildly dangerous; 4% risk of failure)
Confirm with . or Enter, or press ? or * to list all spells.
Charge where?
Press: ? - help, Dir - move target, f - death yak, p - death yak
Aim: a death yak (lightly wounded, 97% to hit)
You charge forward with an electric crackle!
You mangle the death yak and electrocute it!!
You claw the death yak!
The death yak is heavily wounded.
You feel very sick. The death yak gores you! The death yak gores you!!
The death yak misses you. The death yak gores you. x2
You claw the death yak!
The death yak is severely wounded.
You feel sick. The death yak gores you! The death yak misses you. x2
You mangle the death yak!!
You kill the death yak!
Cheibriados appreciates the change of pace.
The death yak gores you!
* * * LOW HITPOINT WARNING * * *
You claw the death yak! x2
The death yak is almost dead.
You feel sick. The death yak misses you. The death yak gores you!
* * * LOW HITPOINT WARNING * * *
The death yak gores you but does no damage.
You mangle the death yak!!
You kill the death yak!
Cheibriados appreciates the change of pace.
You feel sick. The death yak misses you.
You claw the death yak!
The death yak is lightly wounded.
The death yak gores you.
* * * LOW HITPOINT WARNING * * *
The death yak gores you!
* * * LOW HITPOINT WARNING * * *
You claw the death yak!
The death yak is moderately wounded.
You feel sick. The death yak gores you!!
You die...

.##.............#....# #P.....P♣
.#..................## ###...~~♣
......#........###..# #....~♣
......#.........##.## #####..##♣
....##.............# ##.#..#..#
.#####.............## #........##
.P## #......P...P...###.........#
...####............P.####........
..#.#...)......†@Y......####....#
....#......##...♣Y.........##..##
............##...........(..##.#
.............##.......####...###
..............#.....### ###...##
..............##...## ##...#
..............###..# #...P
..............###.## ##...
...............##.# #..Y


You could see 2 death yaks.

Vanquished Creatures
  A rakshasa (D:11)
  2 catoblepae
  A boulder beetle (Lair:2)
  5 two-headed ogres
  14 death yaks (Lair:5)
  A hell knight (Volcano)
  2 skysharks
  3 lindwurms (Lair:4)
  Pikel (D:6)
  2 deep elf pyromancers (Volcano)
  A manticore (D:11)
  2 salamanders (Volcano)
  A cyclops (Volcano)
  8 elephants
  Maurice (D:8)
  7 black mambas
  11 cane toads
  5 molten gargoyles (Volcano)
  Maggie (D:8)
  3 gargoyles (Volcano)
  7 rime drakes
  11 komodo dragons
  2 kobold demonologists (D:10)
  2 efreet (Volcano)
  2 trolls
  2 polar bears
  8 blink frogs
  Prince Ribbit (D:8)
  A snapping turtle (Lair:2)
  2 wraiths
  A vampire (D:10)
  3 wyverns
  32 yaks
  Grum (D:8)
  A steam dragon (D:7)
  3 vampire mosquitoes (D:11)
  Menkaure (D:4)
  2 nagas (Lair:3)
  16 water moccasins
  An ice beast (D:6)
  2 black bears
  5 orc warriors
  5 ogres
  A sky beast (D:5)
  18 wolves
  A centaur (D:8)
  3 phantoms
  A lemure (D:6)
  A kobold brigand (D:7)
  9 bullfrogs
  2 gnoll sergeants
  2 scorpions (D:5)
  5 wights (D:10)
  9 killer bees
  2 electric eels (Lair:2)
  4 howler monkeys
  A jelly (D:6)
  4 orc priests
  Crazy Yiuf (D:6)
  5 hounds
  A sleepcap (D:6)
  2 iguanas
  Natasha (thrice) (D:2)
  12 orc wizards
  Robin (D:2)
  7 adders
  14 gnolls
  A shadow imp (D:7)
  A white imp (D:6)
  3 worms
  2 dart slugs (D:5)
  34 orcs
  6 ball pythons
  5 endoplasms
  5 giant cockroaches
  13 goblins
  12 hobgoblins
  4 jackals (D:1)
  A quokka (D:1)
  A bat (D:1)
  3 frilled lizards
  15 kobolds
  5 rats
403 creatures vanquished.

Vanquished Creatures (others)
  30 fungi
  65 plants
95 creatures vanquished.

Grand Total: 498 creatures vanquished

Notes
Turn   | Place    | Note
-------+----------+-------------------------------------------
     0 | D:1      | raph the Troll Warper began the quest for the Orb.
     0 | D:1      | Reached XP level 1. HP: 19/19 MP: 1/1
   242 | D:1      | Reached XP level 2. HP: 28/28 MP: 2/2
   571 | D:1      | Reached skill level 3 in Unarmed Combat
   774 | D:1      | Reached XP level 3. HP: 32/35 MP: 3/3
  1102 | D:2      | Noticed Robin
  1507 | D:2      | Killed Robin
  1801 | D:2      | Learned a level 2 spell: Blink
  1806 | D:2      | Reached XP level 4. HP: 44/44 MP: 4/4
  1828 | D:2      | Noticed Natasha
  1840 | D:2      | Killed Natasha
  1877 | D:2      | Noticed Natasha
  1887 | D:2      | Killed Natasha
  1888 | D:2      | Reached skill level 4 in Unarmed Combat
  2050 | D:2      | Noticed Natasha
  2102 | D:2      | Killed Natasha
  2103 | D:2      | Reached XP level 5. HP: 50/50 MP: 5/5
  2467 | D:3      | Found a faded altar of an unknown god.
  3420 | D:4      | Reached skill level 5 in Unarmed Combat
  3420 | D:4      | Reached XP level 6. HP: 29/61 MP: 1/6
  3425 | D:4      | Noticed Menkaure
  3458 | D:4      | Killed Menkaure
  3801 | D:4      | Learned a level 2 spell: Lesser Beckoning
  4184 | D:5      | Entered Level 5 of the Dungeon
  4196 | D:5      | Reached XP level 7. HP: 67/67 MP: 7/7
  4204 | D:5      | Reached skill level 6 in Unarmed Combat
  4497 | D:5      | Reached skill level 7 in Unarmed Combat
  4497 | D:5      | Reached XP level 8. HP: 78/78 MP: 8/8
  4626 | D:5      | Found a staircase to the Ecumenical Temple.
  4761 | Temple   | Entered the Ecumenical Temple
  4954 | Temple   | Became a worshipper of Cheibriados the Contemplative
  5022 | D:6      | Found an opulent altar of Gozag.
  5128 | D:6      | Learned a level 3 spell: Teleport Other
  5186 | D:6      | Found Xarec's Magic Scroll Emporium.
  5191 | D:6      | Bought a scroll of teleportation for 36 gold pieces
  5191 | D:6      | Bought a scroll of magic mapping for 90 gold pieces
  5315 | D:6      | Found a runed translucent door.
  5316 | D:6      | Noticed Crazy Yiuf
  5482 | D:6      | Reached skill level 8 in Unarmed Combat
  5542 | D:6      | Reached * piety under Cheibriados
  5589 | D:6      | Noticed Pikel
  5609 | D:6      | Killed Pikel
  5610 | D:6      | Reached skill level 5 in Fighting
  5610 | D:6      | Reached XP level 9. HP: 58/88 MP: 1/11
  5874 | D:6      | Found Zojekk's Book Shoppe.
  5992 | D:6      | Killed Crazy Yiuf
  6148 | D:7      | Found a radiant altar of Vehumet.
  6507 | D:7      | Reached skill level 9 in Unarmed Combat
  6523 | D:7      | Reached ** piety under Cheibriados
  6900 | D:7      | Found a sparkling altar of Nemelex Xobeh.
  6907 | D:7      | Found a broken altar of Ashenzari.
  6958 | D:7      | Learned a level 3 spell: Vhi's Electric Charge
  7115 | D:8      | Noticed Prince Ribbit
  7130 | D:8      | Killed Prince Ribbit
  7155 | D:8      | Noticed Maggie
  7166 | D:8      | Killed Maggie
  7167 | D:8      | Reached skill level 5 in Translocations
  7202 | D:8      | Noticed Maurice
  7221 | D:8      | Killed Maurice
  7449 | D:8      | Found a burning altar of Makhleb.
  7669 | D:8      | Reached XP level 10. HP: 98/98 MP: 13/13
  7694 | D:8      | Reached skill level 10 in Unarmed Combat
  7697 | D:8      | Reached skill level 1 in Invocations
  7746 | D:8      | Noticed a two-headed ogre
  7755 | D:8      | Killed a two-headed ogre
  7756 | D:8      | Reached skill level 1 in Evocations
  7808 | D:8      | Noticed Grum
  7827 | D:8      | Killed Grum
  8180 | D:9      | Reached *** piety under Cheibriados
  8241 | D:9      | Reached skill level 1 in Throwing
  8274 | D:9      | Noticed a two-headed ogre
  8289 | D:9      | Killed a two-headed ogre
  8894 | D:10     | Entered Level 10 of the Dungeon
  8920 | D:10     | Reached XP level 11. HP: 22/106 MP: 10/15
  9307 | D:10     | Found a staircase to the Orcish Mines.
  9321 | D:10     | Noticed a two-headed ogre
  9324 | D:10     | Reached skill level 11 in Unarmed Combat
  9329 | D:10     | Killed a two-headed ogre
  9339 | D:10     | HP: 5/101 [wight/+0 halberd (5)]
  9340 | D:10     | Reached **** piety under Cheibriados
  9485 | D:10     | Found Limatur's Demolitions Depot.
  9504 | D:10     | Learned a level 4 spell: Manifold Assault
  9507 | D:10     | Learned a level 2 spell: Wereblood
  9762 | D:10     | Noticed a two-headed ogre
  9768 | D:10     | Killed a two-headed ogre
  9769 | D:10     | Reached skill level 5 in Dodging
  9975 | D:11     | Found a staircase to the Lair.
 10463 | Orc:1    | Entered Level 1 of the Orcish Mines
 10594 | D:11     | Noticed a rakshasa
 10603 | D:11     | Killed a rakshasa
 10608 | D:11     | Reached skill level 1 in Transmutations
 10681 | D:11     | Noticed a two-headed ogre
 10691 | D:11     | Killed a two-headed ogre
 10918 | D:11     | Reached ***** piety under Cheibriados
 11197 | Lair:1   | Entered Level 1 of the Lair of Beasts
 11398 | Lair:1   | Found a runed translucent gate.
 11398 | Lair:1   | Found a runed translucent gate.
 11399 | Lair:1   | Found a runed translucent gate.
 11402 | Lair:1   | Noticed Xixaub Eqygg's ghost (journeyman DrTm)
 11402 | Lair:1   | Noticed a nine-headed hydra
 11403 | Lair:1   | Noticed a nine-headed hydra
 12102 | Lair:2   | Noticed a boulder beetle
 12128 | Lair:2   | Killed a boulder beetle
 12129 | Lair:2   | Reached XP level 12. HP: 86/118 MP: 17/17
 12532 | Lair:2   | Noticed a catoblepas
 12551 | Lair:2   | Killed a catoblepas
 12552 | Lair:2   | Reached skill level 12 in Unarmed Combat
 13450 | Lair:2   | Found a staircase to the Shoals.
 14086 | Lair:3   | Reached skill level 5 in Invocations
 14150 | Lair:3   | Found a staircase to the Snake Pit.
 14423 | Lair:3   | Found a shimmering altar of Xom.
 14960 | Lair:4   | Found a dark tunnel.
 14961 | Lair:4   | Reached XP level 13. HP: 125/126 MP: 15/19
 14963 | Lair:4   | Reached ****** piety under Cheibriados
 14986 | Volcano  | Entered a volcano
 15164 | Volcano  | Reached skill level 5 in Throwing
 15256 | Volcano  | Noticed an orb of fire
 15290 | Volcano  | Noticed an orb of fire
 15301 | Volcano  | Reached skill level 13 in Unarmed Combat
 15683 | Volcano  | Reached skill level 5 in Spellcasting
 16816 | Lair:5   | Entered Level 5 of the Lair of Beasts
 17462 | Lair:5   | Reached XP level 14. HP: 34/136 MP: 11/21
 17994 | Lair:5   | Reached skill level 1 in Air Magic
 18435 | Lair:5   | Found a staircase to the Slime Pits.
 18694 | Lair:5   | Slain by a death yak

Illustrated notes

Levels and vault maps discovered:
D:1:      lemuel_arrival_tunnels, layout_loops_corners, minmay_pentomino_t2
D:2:      layout_rooms, uniq_natasha, uniq_robin
D:3:      layout_basic, chequers_ecumenical_altar_island
D:4:      layout_basic, kennysheep_donut, minmay_quadrilaterals, uniq_menkaure
D:5:      layout_gridville, minmay_temple_entry_mini_moons, corexii_shack,
          kennysheep_opposing_triangles
D:6:      layout_cave_pools, general_overflow_altar, serial_shops,
          kennysheep_little_box, nicolae_shop_real_fake_doors, minmay_puff,
          uniq_pikel, uniq_crazy_yiuf_cottage
D:7:      layout_cave_pools, vehumet_altar_wand_db,
          mainiacjoe_overflow_catwalk_spiral
D:8:      layout_gridville, lightli_temple_of_fire, uniq_grum, uniq_maggie,
          uniq_maurice, uniq_prince_ribbit1
D:9:      kennysheep_seaside_town, layout_basic
D:10:     layout_cave_pools, orc_0_dummy, enter_bailey_2, minivault_25,
          nicolae_blasting_shop, kennysheep_nub
D:11:     layout_cave_pods, lair_entry_dummy, minmay_misc_feat_pillars
Temple:   bh_familiar_temple
Lair:1:   layout_gridlike, gammafunk_ghost_hydra_chop
Lair:2:   layout_chaotic_city, minmay_shoals_entry_hut, grunt_megastairs_4
Lair:3:   layout_chaotic_city, guppyfry_snake_entry_garden, basic_altar
Lair:4:   layout_roguey, enter_volcano_2, nicolae_lair_lindhole
Lair:5:   grunt_lair_end_beastmaster, layout_cave_pods,
          dpeg_slime_entry_enclosed, st_stairs_12,
          chequers_serial_rivers_room_a, chequers_serial_rivers_micro_b,
          grunt_megastairs_5, serial_bayou_shore_b, infiniplex_staircase_pool
Orc:1:    nicolae_orc_accident_3, layout_diamond_mine, mines2_lemuel

Skill      XL: |  1  2  3  4  5  6  7  8  9 10 11 12 13 14 |
---------------+-------------------------------------------+-----
Fighting       | 2 3 4 5 6 7 8 |  8.3
Unarmed Combat | 3 4 5 7 8 9 10 11 12 13 | 13.9
Translocations | 3 4 5 6 7 |  7.8
Dodging        | 2 3 4 5 6 7 |  7.2
Spellcasting   | 2 3 4 5 |  5.4
Invocations    | 2 4 5 6 |  6.4
Evocations     | 1 |  1.4
Throwing       | 2 3 4 5 6 |  6.2
Transmutations | 1 3 4 |  4.0
Air Magic      | 1 |  1.3

Action                     |  1- 3 |  4- 6 |  7- 9 | 10-12 | 13-15 || total
---------------------------+-------+-------+-------+-------+-------++-------
  Melee: Unarmed           |   103 |   163 |   215 |   500 |   274 ||  1255
         Punch             |     1 |     4 |    12 |    44 |    27 ||    88
  Throw: Javelin           |       |       |     7 |    12 |    11 ||    30
         Boomerang         |       |       |    14 |    23 |       ||    37
         Dart              |       |       |       |     4 |     2 ||     6
   Cast: Teleport Other    |       |       |     5 |     9 |       ||    14
         Lesser Beckoning  |       |       |     2 |       |       ||     2
         Blink             |       |       |     2 |     2 |     1 ||     5
         Vhi's Electric Ch |       |       |     1 |    29 |    28 ||    58
         Manifold Assault  |       |       |       |    12 |    15 ||    27
         Wereblood         |       |       |       |     2 |       ||     2
 Invoke: Bend Time         |       |       |       |     2 |     1 ||     3
         Slouch            |       |       |       |       |     1 ||     1
  Evoke: Wand              |       |       |     4 |     1 |     3 ||     8
    Use: Scroll            |     2 |     9 |     7 |     6 |     1 ||    25
         Potion            |       |     1 |     5 |     3 |     1 ||    10
   Stab: Sleeping          |       |       |     1 |     1 |       ||     2
         Petrified         |       |       |       |     5 |       ||     5
         Petrifying        |       |       |       |     1 |       ||     1
 Armour: Robe              |    44 |    51 |    70 |       |       ||   165
         Skin              |       |     8 |       |       |       ||     8
         Steam dragon scal |       |       |     3 |   181 |    65 ||   249
  Dodge: Dodged            |    50 |    87 |   151 |   354 |   177 ||   819
